 Dungeon Crawl Stone Soup version 0.30-a0-170-g85af917532 (webtiles) character file.

Game seed: 6313884860727396168

427 qw the Chopper (level 6, -1/34 HPs)
             Began as a Gargoyle Fighter on Oct 1, 2022.
             Slain by a wight
             ... wielding a +2 battleaxe
              (9 damage)
             ... on level 4 of the Dungeon.
             The game lasted 00:01:33 (4274 turns).

qw the Chopper (Gargoyle Fighter)                   Turns: 4274, Time: 00:01:34

Health: -1/34      AC: 16    Str: 21    XL:     6   Next: 97%
Magic:  6/6        EV:  7    Int:  9    God:
Gold:   172        SH:  4    Dex:  9    Spells: 5/5 levels left

rFire   + . .      SeeInvis .    Y - +0 war axe
rCold   . . .      Faith    .    c - +0 buckler
rNeg    + . .      Spirit   .    h - +0 chain mail
rPois   inf        Reflect  .    k - +0 helmet
rElec   +          Harm     .    (no cloak)
rCorr   .          Rampage  .    (no gloves)
Will    .....      Clarity  +    (no boots)
Stlth   ..........               (no amulet)
HPRegen 0.11/turn                g - ring of protection from fire
MPRegen 0.10/turn                (no ring)

@: unable to read
A: sickness immunity, AC +4, negative energy resistance 1, electricity
resistance, torment resistance 1, petrification resistance, iridescent scales 1,
clarity, frail 1, wild magic 2, inability to read after injury 1
a: no special abilities


You were on level 4 of the Dungeon.
You visited 1 branch of the dungeon, and saw 4 of its levels.

You collected 172 gold pieces.


Innate Abilities, Weirdness & Mutations

You are immune to sickness and miasma.
Your stone body is resilient. (AC +4)
You are immune to poison.
You resist negative energy. (rN+)
You are resistant to electric shocks. (rElec)
You are resistant to unholy torment.
You are immune to petrification.
You are partially covered in iridescent scales. (AC +2)
You possess an exceptional clarity of mind.
You are frail. (-10% HP)
Your spells are harder to cast, but more powerful.
You occasionally lose the ability to read scrolls when taking damage.


   Skills:
 - Level 4.0 Fighting
 - Level 6.2 Axes
 - Level 3.2 Armour
 + Level 0.7 Dodging
 - Level 3.2 Shields


You had 5 spell levels left.
You didn't know any spells.
Your spell library was empty.

Inventory:

Hand Weapons
 j - a +0 whip
 Y - a +0 war axe (weapon)
Armour
 c - a +0 buckler (worn)
 h - a +0 chain mail (worn)
 k - a +0 helmet (worn)
Jewellery
 g - a ring of protection from fire (left hand)
Scrolls
 l - 3 scrolls of identify
 n - 2 scrolls of teleportation
Potions
 a - a potion of resistance
 d - 4 potions of might
 e - a potion of attraction
 f - 2 potions of curing

Dungeon Overview and Level Annotations

Branches:
Dungeon (4/15)
 Temple: D:4-7

Altars:
Gozag
Wu Jian


Message History

4176 ||| FLEEEEING.
4177 ||| FLEEEEING.
4178 ||| FLEEEEING.
There is a stone staircase leading up here.
4179 ||| STAIRDANCE You climb upwards.
There is a stone staircase leading down here.
You start resting.
HP restored.
Done exploring.
4266 ||| READING 2 scrolls labelled ACSIBU DUGAICW.
As you read the scroll labelled ACSIBU DUGAICW, it crumbles to dust.
It is a scroll of amnesia.
You feel forgetful for a moment.
Done exploring.
4267 ||| DROPPING scroll of amnesia.
You drop a scroll of amnesia.
Done exploring.
(D) Dungeon
Where to? (* - list waypoints, Enter - D:4, ? - help)
What level of the Dungeon? (default 1, ? - help)
You climb downwards.
The wight barely misses you. You block the kobold's attack.
The wight hits you with a +2 battleaxe! The kobold hits you but does no damage.
There is a stone staircase leading up here.
You closely miss the wight. You hit the kobold.
You kill the kobold!
The wight barely misses you.
You hit the wight but do no damage. The wight hits you with a +2 battleaxe.
You slash the wight!
The wight is severely damaged.
The wight hits you with a +2 battleaxe!
You hit the wight but do no damage.
The wight is severely damaged.
The wight hits you with a +2 battleaxe. x2
You feel threatened and lose the ability to read scrolls!
You barely miss the wight.
The wight is severely damaged.
You can read scrolls again.
The wight hits you with a +2 battleaxe!
You feel threatened and lose the ability to read scrolls!
You die...

#.# #.# #># #.#
#<# #####... #.###
........ #...#
.###### #..z#
.....#### ##.)@#
..z...z.# ##.>..#
#######.####....##
#......K..#..###
##........)#.##
............(#
#.............#
##..............#
#.........#...##


You could see a wight.

Vanquished Creatures
  4 wights (D:4)
  Terence (D:2)
  3 gnolls
  8 adders
  3 worms
  5 bats
  11 endoplasms
  6 giant cockroaches
  11 goblins
  5 hobgoblins
  6 jackals (D:1)
  6 kobolds
  4 quokkas
  7 ball pythons
  6 frilled lizards
  5 rats
91 creatures vanquished.

Vanquished Creatures (others)
  2 plants (D:3)
2 creatures vanquished.

Grand Total: 93 creatures vanquished

Notes
Turn   | Place    | Note
-------+----------+-------------------------------------------
     0 | D:1      | qw the Gargoyle Fighter began the quest for the Orb.
     0 | D:1      | Reached XP level 1. HP: 14/14 MP: 1/1
     0 | D:1      | 0 ||| qw: Version: 0.2-a-13-gfc7b4b4
     0 | D:1      | 0 ||| qw: Game counter: 1725
     0 | D:1      | 0 ||| qw: Always use a shield: true
     0 | D:1      | 0 ||| qw: God list: Okawaru
     0 | D:1      | 0 ||| qw: Allow faded altars: false
     0 | D:1      | 0 ||| qw: Do Orc after D:15 true
     0 | D:1      | 0 ||| qw: Do second Lair branch before Depths: true
     0 | D:1      | 0 ||| qw: Lair rune preference: random
     0 | D:1      | 0 ||| qw: Plans: Normal, Zot:1-4, God:TSO, Crypt, Tomb,
                  | Pan, Slime:5, Hells, Abyss, Orb
     0 | D:1      | 0 ||| PLANNING D:1-11
   208 | D:1      | Reached skill level 2 in Axes
   295 | D:1      | Reached XP level 2. HP: 16/19 MP: 2/2
   426 | D:1      | 426 ||| Stepping ~*~*~tactically~*~*~ (stealth).
   435 | D:1      | 435 ||| Stepping ~*~*~tactically~*~*~ (stealth).
   436 | D:1      | 436 ||| Stepping ~*~*~tactically~*~*~ (stealth).
   619 | D:1      | 619 ||| Stepping ~*~*~tactically~*~*~ (stealth).
   625 | D:1      | Reached skill level 3 in Axes
   683 | D:1      | Reached XP level 3. HP: 23/23 MP: 3/3
   788 | D:1      | Found a faded altar of an unknown god.
   840 | D:1      | 840 ||| DROPPING +0 club.
  1313 | D:1      | 1313 ||| READING scroll labelled PUSARI ATELO.
  1314 | D:1      | 1314 ||| READING scroll labelled PIOKLUNOKK.
  1315 | D:1      | 1315 ||| READING scroll labelled ASMABED FAKKU.
  1446 | D:2      | 1446 ||| FLEEEEING.
  1447 | D:2      | 1447 ||| FLEEEEING.
  1448 | D:2      | 1448 ||| STAIRDANCE
  1544 | D:1      | 1544 ||| DRINKING 2 white potions.
  1579 | D:2      | Reached XP level 4. HP: 26/28 MP: 4/4
  1580 | D:2      | Noticed Terence
  1592 | D:2      | Killed Terence
  1593 | D:2      | Reached skill level 4 in Axes
  1990 | D:2      | 1990 ||| Stepping ~*~*~tactically~*~*~ (hiding).
  2305 | D:2      | 2305 ||| Stepping ~*~*~tactically~*~*~ (stealth).
  2306 | D:2      | 2306 ||| Stepping ~*~*~tactically~*~*~ (stealth).
  2341 | D:2      | Reached XP level 5. HP: 32/32 MP: 5/5
  2618 | D:2      | 2618 ||| UPGRADING to +0 helmet.
  2623 | D:2      | 2623 ||| DROPPING ring of wizardry.
  2624 | D:2      | 2624 ||| READING 2 scrolls labelled SALYUDD YLOAD.
  2625 | D:2      | 2625 ||| READING scroll labelled DABLIODGHIN.
  2626 | D:2      | 2626 ||| READING 3 scrolls labelled MIGARUDDIE.
  2627 | D:2      | 2627 ||| READING scroll labelled CAIMOE ECIHEKY.
  2628 | D:2      | 2628 ||| DRINKING 2 puce potions.
  2628 | D:2      | Gained mutation: You occasionally lose the ability to read
                  | scrolls when taking damage. [potion of mutation]
  2628 | D:2      | Gained mutation: Potions are less effective at restoring
                  | your health. [potion of mutation]
  2628 | D:2      | Gained mutation: You have hidden genetic defects. [potion
                  | of mutation]
  2628 | D:2      | Gained mutation: Your spells are a little harder to cast,
                  | but a little more powerful. [potion of mutation]
  2629 | D:2      | 2629 ||| DRINKING potion of mutation.
  2629 | D:2      | Lost mutation: Potions are less effective at restoring your
                  | health. [potion of mutation]
  2629 | D:2      | Lost mutation: You have hidden genetic defects. [potion of
                  | mutation]
  2629 | D:2      | Gained mutation: You are robust. (+10% HP) [potion of
                  | mutation]
  2629 | D:2      | Gained mutation: You are partially covered in iridescent
                  | scales. (AC +2) [potion of mutation]
  2655 | D:2      | 2655 ||| READING 2 scrolls of identify.
  2655 | D:2      | 2655 ||| IDENTIFYING golden potion
  2656 | D:2      | 2656 ||| DROPPING scroll of poison.
  2697 | D:3      | 2697 ||| STAIRDANCE
  2737 | D:3      | 2737 ||| STAIRDANCE
  2740 | D:2      | Reached skill level 5 in Axes
  2752 | D:3      | 2752 ||| STAIRDANCE
  2987 | D:3      | 2987 ||| Stepping ~*~*~tactically~*~*~ (stealth).
  2988 | D:3      | 2988 ||| Stepping ~*~*~tactically~*~*~ (stealth).
  3127 | D:3      | Found an opulent altar of Gozag.
  3179 | D:3      | 3179 ||| Stepping ~*~*~tactically~*~*~ (stealth).
  3182 | D:3      | 3182 ||| Stepping ~*~*~tactically~*~*~ (stealth).
  3184 | D:3      | 3184 ||| Stepping ~*~*~tactically~*~*~ (stealth).
  3185 | D:3      | 3185 ||| Stepping ~*~*~tactically~*~*~ (stealth).
  3188 | D:3      | 3188 ||| Stepping ~*~*~tactically~*~*~ (stealth).
  3189 | D:3      | 3189 ||| Stepping ~*~*~tactically~*~*~ (stealth).
  3197 | D:3      | 3197 ||| Stepping ~*~*~tactically~*~*~ (stealth).
  3395 | D:3      | Found an ornate altar of the Wu Jian Council.
  3705 | D:3      | 3705 ||| Stepping ~*~*~tactically~*~*~ (hiding).
  3865 | D:3      | 3865 ||| UPGRADING to +0 chain mail.
  3875 | D:3      | 3875 ||| DROPPING +0 scale mail.
  3876 | D:3      | 3876 ||| UPGRADING to ring of protection from fire.
  3877 | D:3      | 3877 ||| DRINKING 2 dark potions.
  3927 | D:4      | 3927 ||| DRINKING potion of mutation.
  3927 | D:4      | Lost mutation: Your spells are a little harder to cast, but
                  | a little more powerful. [potion of mutation]
  3927 | D:4      | Lost mutation: You are robust. (+10% HP) [potion of
                  | mutation]
  3927 | D:4      | Gained mutation: Your spells are a little harder to cast,
                  | but a little more powerful. [potion of mutation]
  3927 | D:4      | Gained mutation: You are frail. (-10% HP) [potion of
                  | mutation]
  3927 | D:4      | Gained mutation: You possess an exceptional clarity of
                  | mind. [potion of mutation]
  3927 | D:4      | Gained mutation: Your spells are harder to cast, but more
                  | powerful. [potion of mutation]
  3949 | D:4      | Reached XP level 6. HP: 34/34 MP: 6/6
  4087 | D:4      | Reached skill level 6 in Axes
  4158 | D:4      | 4158 ||| FLEEEEING.
  4159 | D:4      | 4159 ||| FLEEEEING.
  4160 | D:4      | 4160 ||| FLEEEEING.
  4161 | D:4      | 4161 ||| FLEEEEING.
  4162 | D:4      | 4162 ||| FLEEEEING.
  4163 | D:4      | 4163 ||| FLEEEEING.
  4164 | D:4      | 4164 ||| FLEEEEING.
  4165 | D:4      | 4165 ||| FLEEEEING.
  4166 | D:4      | 4166 ||| FLEEEEING.
  4167 | D:4      | 4167 ||| FLEEEEING.
  4168 | D:4      | 4168 ||| FLEEEEING.
  4169 | D:4      | 4169 ||| FLEEEEING.
  4170 | D:4      | 4170 ||| FLEEEEING.
  4171 | D:4      | 4171 ||| FLEEEEING.
  4172 | D:4      | 4172 ||| FLEEEEING.
  4173 | D:4      | 4173 ||| FLEEEEING.
  4174 | D:4      | 4174 ||| FLEEEEING.
  4176 | D:4      | 4176 ||| FLEEEEING.
  4177 | D:4      | 4177 ||| FLEEEEING.
  4178 | D:4      | 4178 ||| FLEEEEING.
  4179 | D:4      | 4179 ||| STAIRDANCE
  4266 | D:3      | 4266 ||| READING 2 scrolls labelled ACSIBU DUGAICW.
  4267 | D:3      | 4267 ||| DROPPING scroll of amnesia.
  4273 | D:4      | HP: 8/34 [wight/+2 battleaxe (6)]
  4274 | D:4      | Slain by a wight

Levels and vault maps discovered:
D:1:      minmay_arrival_doors, layout_loops_cross,
          chequers_ecumenical_altar_twisty
D:2:      kennysheep_six_static_rooms, layout_rooms, minmay_3d_cube,
          uniq_terence
D:3:      layout_loops_ring, grunt_gozag_breadcrumbs,
          mainiacjoe_overflow_chevrons, hangedman_glass_garden
D:4:      layout_rooms, sigmund_army

Skill      XL: |  1  2  3  4  5  6 |
---------------+-------------------+-----
Axes           | 2 3 4 5 6 |  6.2
Fighting       | 4 |  4.0
Armour         | |  3.2
Dodging        | |  0.7
Shields        | |  3.2

Action                   |  1- 3 |  4- 6 || total
-------------------------+-------+-------++-------
Melee: War axe           |   101 |   212 ||   313
  Use: Scroll            |     3 |     6 ||     9
       Potion            |     1 |     4 ||     5
Armor: Scale mail        |    53 |   102 ||   155
       Chain mail        |       |    15 ||    15
Dodge: Dodged            |    41 |    70 ||   111
Block: Buckler           |    15 |    45 ||    60

Table legend:
 A = Non-vault XP
 B = Vault XP
 C = Vault XP percentage of total XP
 D = Non-vault monster count
 E = Vault monster count
 F = Vault count percentage of total count
                 A         B        C        D         E       F
            +---------+---------+-------+---------+---------+-------
      Total |     510 |     101 |  16.5 |      80 |      11 |  12.1
            +---------+---------+-------+---------+---------+-------
        D:1 |      47 |       0 |   0.0 |      27 |       0 |   0.0
        D:2 |      95 |     101 |  51.5 |      23 |      11 |  32.4
        D:3 |      70 |       0 |   0.0 |      20 |       0 |   0.0
        D:4 |     298 |       0 |   0.0 |      10 |       0 |   0.0
            +---------+---------+-------+---------+---------+-------
